 Dungeon Crawl Stone Soup version 0.29.0-4-gdea44cf6ec (webtiles) character file.

Game seed: 9660815823174441932

322 qw the Chopper (level 6, -4/38 HPs)
             Began as a Gargoyle Berserker on Sept 5, 2022.
             Was a Believer of Trog.
             Killed from afar by Sigmund (8 damage)
             ... with a magic dart
             ... on level 4 of the Dungeon.
             The game lasted 00:01:21 (4301 turns).

qw the Chopper (Gargoyle Berserker)                 Turns: 4301, Time: 00:01:21

Health: -4/38      AC:  8    Str: 22    XL:     6   Next: 47%
Magic:  6/6        EV: 11    Int:  8    God:    Trog [**....]
Gold:   14         SH:  0    Dex:  9    Spells: 5/5 levels left

rFire   . . .      SeeInvis .   Y - +0 war axe
rCold   . . .      Faith    .   (no shield)
rNeg    + . .      Spirit   .   b - +0 animal skin
rPois   inf        Reflect  .   k - +0 helmet
rElec   +          Harm     .   l - +0 cloak
rCorr   .          Rampage  .   (no gloves)
Will    .....                   (no boots)
Stlth   +.........              (no amulet)
HPRegen 0.12/turn               (no ring)
MPRegen 0.10/turn               (no ring)

@: on berserk cooldown, slowed, very slow
A: sickness immunity, AC +4, negative energy resistance 1, electricity
resistance, torment resistance 1, petrification resistance
a: Renounce Religion, Berserk, Trog's Hand


You were on level 4 of the Dungeon.
You worshipped Trog.
Trog was pleased with you.
You visited 1 branch of the dungeon, and saw 4 of its levels.

You collected 110 gold pieces.
You spent 96 gold pieces at shops.


Innate Abilities, Weirdness & Mutations

You are immune to sickness and miasma.
Your stone body is resilient. (AC +4)
You are immune to poison.
You resist negative energy. (rN+)
You are resistant to electric shocks. (rElec)
You are resistant to unholy torment.
You are immune to petrification.


   Skills:
 - Level 4.1 Fighting
 + Level 6.1 Axes
 - Level 2.1 Armour
 - Level 1.5 Dodging


You had 5 spell levels left.
You didn't know any spells.
Your spell library was empty.

Inventory:

Hand Weapons
 j - a +0 flail
 Y - a +0 war axe (weapon)
Armour
 b - a +0 animal skin (worn)
 k - a +0 helmet (worn)
 l - a +0 cloak (worn)
 n - a +0 leather armour
Scrolls
 c - 2 scrolls of teleportation
 i - 2 scrolls of identify
 m - a scroll of enchant armour {unknown}
Potions
 a - 2 potions of curing
 d - a potion of magic {unknown}
 e - a potion of ambrosia {unknown}
 f - a potion of heal wounds {unknown}
 g - a potion of mutation {unknown}
 h - a potion of haste {unknown}

Dungeon Overview and Level Annotations

Branches:
Dungeon (4/15)
 Temple: D:4-7

Altars:

Shops:
D:3 *

Annotations:
D:3 1 runed translucent door, qw's ghost, amateur BaCK
D:4 Sigmund


Message History

The adder bites you but does no damage.
You hit the adder.
The adder is heavily wounded.
The adder bites you but does no damage.
You hear some strange, mumbled words.
Something tries to affect you, but you resist.
You miss the adder.
The adder is heavily wounded.
The adder closely misses you.
You barely miss the adder.
The adder is heavily wounded.
Something hits you. The adder bites you but does no damage.
You closely miss the adder.
The adder is heavily wounded.
The adder bites you but does no damage.
You slash the adder!
You kill the adder!
Trog accepts your kill. Something hits you.
You swing at nothing.
You hear some strange, mumbled words.
A puff of flame appears from out of thin air!
The puff of flame misses you.
You swing at nothing.
You feel a strong urge to attack something.
You swing at nothing.
You are no longer berserk.
You are exhausted.
You feel yourself slow down. Something hits you!
You swing at nothing.
Something hits you!
You swing at nothing.
Something hits you!
You swing at nothing.
Something hits you.
You swing at nothing.
Something hits you.
A magic dart appears from out of thin air!
The magic dart hits you!
You die...

#.....).......## ##.!
#........##....####.....
#.......................
...###.................
###.....................
...............)........
#...{.................#
##............).........
..)...%@................
....$.......<.......#...
.......................#
......#........####.##..
......#........####.##..
......##................
...... ...########.....
>.>.. .$.. .........
..........


There were no monsters in sight!

Vanquished Creatures
  A scorpion (D:4)
  A jelly (D:4)
  Natasha (thrice) (D:2)
  9 adders
  2 worms
  4 dart slugs
  3 endoplasms
  2 giant cockroaches
  4 goblins
  6 hobgoblins
  5 jackals (D:2)
  4 quokkas
  7 ball pythons
  3 frilled lizards
  7 kobolds
  4 rats
65 creatures vanquished.

Notes
Turn   | Place    | Note
-------+----------+-------------------------------------------
     0 | D:1      | qw the Gargoyle Berserker began the quest for the Orb.
     0 | D:1      | Reached XP level 1. HP: 14/14 MP: 1/1
     0 | D:1      | 0 ||| qw: Version: 0.1-a-104-g96f76f8
     0 | D:1      | 0 ||| qw: Game counter: 5876
     0 | D:1      | 0 ||| qw: Always use a shield: true
     0 | D:1      | 0 ||| qw: Do Orc after D:15 true
     0 | D:1      | 0 ||| qw: Do second Lair branch before Depths: true
     0 | D:1      | 0 ||| qw: Lair rune preference: random
     0 | D:1      | 0 ||| qw: Plans: Normal
     0 | D:1      | 0 ||| PLANNING D:1-11
     1 | D:1      | Found a faded altar of an unknown god.
   106 | D:1      | Reached skill level 3 in Axes
   169 | D:1      | Reached XP level 2. HP: 19/19 MP: 2/2
   426 | D:1      | 426 ||| SWAPPING to +0 war axe.
   427 | D:1      | 427 ||| DROPPING +0 hand axe.
   726 | D:1      | 726 ||| READING scroll labelled XOCORA URIU.
   731 | D:1      | 731 ||| READING scroll labelled LOTHIPH EMUR.
   732 | D:1      | 732 ||| DRINKING 2 smoky grey potions.
   733 | D:1      | 733 ||| DROPPING potion of degeneration.
   821 | D:2      | 821 ||| INVOKING Berserk.
   950 | D:2      | 950 ||| FLEEEEING.
  1020 | D:2      | 1020 ||| INVOKING Berserk.
  1021 | D:2      | HP: 5/28 [quokka (3)]
  1263 | D:2      | 1263 ||| DROPPING +0 club.
  1417 | D:2      | 1417 ||| Stepping ~*~*~tactically~*~*~ (stealth).
  1419 | D:2      | 1419 ||| Stepping ~*~*~tactically~*~*~ (stealth).
  1421 | D:2      | 1421 ||| Stepping ~*~*~tactically~*~*~ (stealth).
  1423 | D:2      | 1423 ||| Stepping ~*~*~tactically~*~*~ (stealth).
  1433 | D:2      | Reached XP level 3. HP: 16/23 MP: 3/3
  1526 | D:2      | 1526 ||| Stepping ~*~*~tactically~*~*~ (stealth).
  1527 | D:2      | 1527 ||| Stepping ~*~*~tactically~*~*~ (stealth).
  1550 | D:2      | 1550 ||| Stepping ~*~*~tactically~*~*~ (stealth).
  1570 | D:2      | 1570 ||| Stepping ~*~*~tactically~*~*~ (stealth).
  1576 | D:2      | 1576 ||| FLEEEEING.
  1577 | D:2      | 1577 ||| FLEEEEING.
  1578 | D:2      | 1578 ||| FLEEEEING.
  1579 | D:2      | 1579 ||| FLEEEEING.
  1580 | D:2      | 1580 ||| FLEEEEING.
  1581 | D:2      | 1581 ||| FLEEEEING.
  1650 | D:2      | 1650 ||| INVOKING Berserk.
  1655 | D:2      | Reached skill level 4 in Axes
  1874 | D:2      | Reached XP level 4. HP: 25/28 MP: 4/4
  2193 | D:2      | Noticed Natasha
  2194 | D:2      | 2194 ||| Stepping ~*~*~tactically~*~*~ (hiding).
  2197 | D:2      | 2197 ||| INVOKING Berserk.
  2200 | D:2      | Killed Natasha
  2449 | D:2      | Noticed Natasha
  2452 | D:2      | 2452 ||| INVOKING Berserk.
  2454 | D:2      | Killed Natasha
  2455 | D:2      | Reached skill level 5 in Axes
  2455 | D:2      | Reached XP level 5. HP: 32/32 MP: 5/5
  2581 | D:2      | Noticed Natasha
  2582 | D:2      | 2582 ||| Stepping ~*~*~tactically~*~*~ (stealth).
  2584 | D:2      | 2584 ||| Stepping ~*~*~tactically~*~*~ (stealth).
  2585 | D:2      | 2585 ||| Stepping ~*~*~tactically~*~*~ (stealth).
  2586 | D:2      | 2586 ||| Stepping ~*~*~tactically~*~*~ (stealth).
  2589 | D:2      | 2589 ||| INVOKING Berserk.
  2591 | D:2      | Killed Natasha
  2792 | D:2      | 2792 ||| READING scroll labelled NACU FYFAENA.
  2793 | D:2      | 2793 ||| READING scroll labelled YHOCOT LOJEL.
  3016 | D:3      | 3016 ||| Stepping ~*~*~tactically~*~*~ (stealth).
  3019 | D:3      | 3019 ||| Stepping ~*~*~tactically~*~*~ (stealth).
  3060 | D:3      | Reached ** piety under Trog
  3138 | D:3      | 3138 ||| Stepping ~*~*~tactically~*~*~ (hiding).
  3268 | D:3      | Found Megam's General Store.
  3276 | D:3      | 3276 ||| BUYING +0 flail (42 gold).
  3276 | D:3      | Bought a +0 flail for 42 gold pieces
  3276 | D:3      | 3276 ||| BUYING +0 helmet (54 gold).
  3276 | D:3      | Bought a +0 helmet for 54 gold pieces
  3276 | D:3      | 3276 ||| SHOPLISTING +0 scale mail (48 gold, have 1).
  3276 | D:3      | 3276 ||| SHOPLISTING scroll of identify (24 gold, have 1).
  3276 | D:3      | 3276 ||| SHOPLISTING scroll of teleportation (36 gold, have
                  | 1).
  3276 | D:3      | 3276 ||| DROPPING +0 whip.
  3289 | D:3      | 3289 ||| Stepping ~*~*~tactically~*~*~ (stealth).
  3353 | D:3      | 3353 ||| Stepping ~*~*~tactically~*~*~ (stealth).
  3354 | D:3      | 3354 ||| Stepping ~*~*~tactically~*~*~ (stealth).
  3534 | D:3      | 3534 ||| Stepping ~*~*~tactically~*~*~ (hiding).
  3663 | D:3      | Found a runed translucent door.
  3922 | D:3      | Noticed qw's ghost (amateur BaCK)
  3923 | D:3      | 3923 ||| UPGRADING to +0 helmet.
  3928 | D:3      | 3928 ||| UPGRADING to +0 cloak.
  3933 | D:3      | 3933 ||| DRINKING 3 puce potions.
  3985 | D:4      | 3985 ||| INVOKING Berserk.
  3988 | D:4      | Reached XP level 6. HP: 38/38 MP: 6/6
  4113 | D:4      | 4113 ||| INVOKING Berserk.
  4115 | D:4      | Reached skill level 6 in Axes
  4283 | D:4      | Noticed Sigmund
  4287 | D:4      | 4287 ||| INVOKING Berserk.
  4299 | D:4      | HP: 9/38 [something (8)]
  4301 | D:4      | HP: 4/38 [something (2)]
  4301 | D:4      | Killed from afar by Sigmund

Levels and vault maps discovered:
D:1:      scummos_arrival_simple_crosswalls, layout_basic,
          basic_ecumenical_altar, minmay_misc_feat_rugged
D:2:      layout_basic, hangedman_decor_points, uniq_natasha
D:3:      layout_loops_ring, ebering_ghost_sewer_d, serial_shops, shop
D:4:      layout_rooms, chei_slow_surprise, uniq_sigmund, uniq_edmund

Skill      XL: |  1  2  3  4  5  6 |
---------------+-------------------+-----
Axes           | 3 4 5 6 |  6.1
Fighting       | 4 |  4.1
Armour         | |  2.1
Dodging        | |  1.5

Action                   |  1- 3 |  4- 6 || total
-------------------------+-------+-------++-------
Melee: Hand axe          |    24 |       ||    24
       War axe           |    86 |   148 ||   234
       Punch             |     1 |     2 ||     3
Invok: Berserk           |     3 |     6 ||     9
  Use: Scroll            |     2 |     2 ||     4
       Potion            |     1 |     1 ||     2
Armor: Animal skin       |    35 |    58 ||    93
Dodge: Dodged            |    63 |    83 ||   146

Table legend:
 A = Non-vault XP
 B = Vault XP
 C = Vault XP percentage of total XP
 D = Non-vault monster count
 E = Vault monster count
 F = Vault count percentage of total count
                 A         B        C        D         E       F
            +---------+---------+-------+---------+---------+-------
      Total |     426 |      35 |   7.6 |      64 |       1 |   1.5
            +---------+---------+-------+---------+---------+-------
        D:1 |      20 |       0 |   0.0 |      12 |       0 |   0.0
        D:2 |     168 |      35 |  17.2 |      28 |       1 |   3.4
        D:3 |      72 |       0 |   0.0 |      17 |       0 |   0.0
        D:4 |     166 |       0 |   0.0 |       7 |       0 |   0.0
            +---------+---------+-------+---------+---------+-------
